 Dungeon Crawl Stone Soup version 0.31-a0-1321-g5021b54cb2 (webtiles) character file.

Game seed: 17564147953281136460

13332 jlumianski the Grappler (level 12, -21/91 HPs)
             Began as a Gnoll Shapeshifter on Dec 20, 2023.
             Was an Elder of Wu Jian.
             Demolished by a death knight
             ... wielding a +0 battleaxe
              (24 damage)
             ... on level 9 of the Dungeon on Dec 21, 2023.
             The game lasted 01:28:36 (11119 turns).

jlumianski the Grappler (Gnoll Shapeshifter)       Turns: 11119, Time: 01:28:36

Health: -21/91     AC:  7    Str: 21    XL:     12   Next: 4%
Magic:  13/22      EV: 24    Int: 12    God:    Wu Jian [****..]
Gold:   86         SH:  5    Dex: 13    Spells: 11/25 levels left

rFire   . .          .
                       - Unarmed
rCold   . . .        (shield currently unavailable)
rNeg    . . .        z - melded +1 chain mail {rC+}
rPois   .            y - +0 helmet
rElec   .            V - +0 cloak
rCorr   .            k - +1 pair of gloves
SInv    .            W - +1 pair of boots {Stlth+}
Will    .....        A - amulet of reflection
Stlth   ++           g - +6 ring of strength
HPRegen 0.35/turn    r - +5 ring of evasion
MPRegen 0.18/turn

%: reflection
@: flux-form, glowing
A: glow, contaminating, fangs 1, strong nose, distributed training
a: Begin Untransformation, Renounce Religion, Wall Jump, Serpent's Lash


You were on level 9 of the Dungeon.
You worshipped Wu Jian.
Wu Jian was greatly pleased with you.
You were something dangerously unstable.
You visited 2 branches of the dungeon, and saw 11 of its levels.
You also visited: Sewer and Bailey.

You collected 540 gold pieces.
You spent 454 gold pieces at shops.

Inventory:

Hand Weapons
 l - a +4 spectral quarterstaff
 m - a +2 sling of freezing
 F - a +0 shortbow
Missiles
 p - 3 boomerangs (quivered)
Armour
 k - a +1 pair of gloves (worn)
 o - a +2 chain mail of cold resistance
 y - a +0 helmet (worn)
 z - a +1 chain mail of cold resistance (melded)
 V - a +0 cloak (worn)
 W - a +1 pair of boots of stealth (worn)
Jewellery
 g - a +6 ring of strength (left hand)
 h - a ring of resist corrosion
 i - a ring of flight
 r - a +5 ring of evasion (right hand)
 w - a ring of fire
 A - an amulet of reflection (around neck)
 E - the amulet "Pese" {Faith rF+++ rCorr MP-9}
   (You took it off a centaur warrior on level 9 of the Dungeon)

   [amulet of faith]

   Faith:     It allows you to gain divine favour quickly.
   rF+++:     It renders you almost immune to fire.
   MP-9:      It affects your magic capacity (-9).
   rCorr:     It protects you from acid and corrosion.
 G - the amulet "Repit" {Spirit rC+ Will++}
   (You found it on level 9 of the Dungeon)

   [amulet of guardian spirit]

   Spirit:    It causes incoming damage to be divided between your reserves of
   health and magic.
   rC+:       It protects you from cold.
   Will++:    It greatly increases your willpower.
 H - the amulet "Etanytijoc" {RegenMP Harm rCorr Str+3}
   (You found it on level 9 of the Dungeon)

   [amulet of magic regeneration]

   RegenMP:   It increases your rate of magic regeneration.
   Str+3:     It affects your strength (+3).
   rCorr:     It protects you from acid and corrosion.
   Harm:      It increases damage dealt and taken.
 L - the ring of Broken Luck {rF- AC+4 Int+2 Dex+5}
   (You found it on level 9 of the Dungeon)

   [ring of protection]

   AC+4:      It affects your AC (+4).
   Int+2:     It affects your intelligence (+2).
   Dex+5:     It affects your dexterity (+5).
   rF-:       It makes you vulnerable to fire.
Talismans
 c - a beast talisman
 d - a flux talisman (active)
Wands
 e - a wand of flame (21)
 j - a wand of charming (13)
 q - a wand of polymorph (12)
 T - a wand of iceblast (11)
Scrolls
 a - a scroll of vulnerability
 f - a scroll of amnesia
 n - 4 scrolls of teleportation
 s - a scroll of identify
 x - a scroll of brand weapon
 C - a scroll of enchant armour
 X - a scroll of revelation
Potions
 b - 2 potions of lignification
 t - 2 potions of haste
 u - 2 potions of heal wounds
 v - a potion of attraction
 B - a potion of curing
 D - 2 potions of enlightenment
 I - a potion of magic
 J - a potion of resistance
 K - a potion of cancellation
 M - a potion of might {unknown}
 O - a potion of experience
Miscellaneous
 P - a box of beasts


   Skills:
 + Level 7.5 Fighting
 + Level 7.0 Short Blades
 + Level 7.0 Long Blades
 + Level 7.0 Axes
 + Level 7.0 Maces & Flails
 + Level 7.0 Polearms
 + Level 7.0 Staves
 + Level 7.0 Ranged Weapons
 + Level 7.0 Throwing
 + Level 7.0 Armour
 + Level 8.4 Dodging
 + Level 7.0 Stealth
 + Level 7.0 Shields
 + Level 9.7 Unarmed Combat
 + Level 7.0 Spellcasting
 + Level 5.8 Conjurations
 + Level 5.8 Hexes
 + Level 5.8 Summonings
 + Level 5.8 Necromancy
 + Level 5.8 Translocations
 + Level 5.8 Fire Magic
 + Level 5.8 Ice Magic
 + Level 5.8 Air Magic
 + Level 5.8 Earth Magic
 + Level 5.8 Alchemy
 + Level 7.7 Invocations
 + Level 7.0 Evocations
 + Level 9.2 Shapeshifting


You had 11 spell levels left.
You knew the following spells:

 Your Spells              Type           Power      Damage    Failure   Level
a - Summon Small Mammal   Summ           72%        N/A       1%          1
b - Mercury Vapours       Alch/Air       36%        N/A       2%          2
c - Blink                 Tloc           36%        N/A       2%          2
d - Mephitic Cloud        Conj/Alch/Air  18%        N/A       4%          3
e - Call Canine Familiar  Summ           18%        N/A       4%          3
f - Summon Guardian Gole  Hex/Summ       18%        N/A       4%          3

Your spell library contained the following spells:

 Spells                   Type           Power      Damage    Failure   Level
 Apportation              Tloc           36%        N/A       1%          1
 Necrotise                Necr           72%        1d7       1%          1
 Jinxbite                 Hex            36%        N/A       2%          2
 Static Discharge         Conj/Air       36%        3-5/arc   2%          2
 Ozocubu's Armour         Ice            18%        N/A       4%          3
 Airstrike                Air            9%         2d(2-18)  14%         4
 Manifold Assault         Tloc           18%        N/A       14%         4
 Summon Lightning Spire   Summ/Air       18%        N/A       14%         4
 Alistair's Intoxication  Alch           12%        N/A       38%         5
 Freezing Cloud           Conj/Ice/Air   9%         6-21      38%         5
 Metabolic Englaciation   Hex/Ice        9%         N/A       38%         5
 Simulacrum               Ice/Necr       9%         N/A       92%         6


Dungeon Overview and Level Annotations

Branches:
Dungeon (10/15)            Temple (1/1) D:4            Lair (0/5) D:9
    Orc (0/2) D:9           Sewer (visited)          Bailey (visited)

Altars:
Ashenzari
Cheibriados
Dithmenos
Elyvilon
Fedhas
Gozag
Hepliaklqana
Kikubaaqudgha
Makhleb
Nemelex Xobeh
Okawaru
Qazlal
Ru
Sif Muna
Uskayaw
Wu Jian
Xom
Yredelemnul
Zin
The Shining One

Shops:
D:5 :   D:9 ?

Annotations:
D:9 1 runed translucent door


Innate Abilities, Weirdness & Mutations

You are something dangerously unstable.
You glow with magical radiation, making you easy to see and hit.
Foes you strike become dangerously contaminated with magical radiation.
You are incapable of wielding weapons or throwing items.
You have very sharp teeth.
Your uncanny sense of smell can sniff out nearby items.
Your experience applies equally to all skills.


Message History

* * * LOW HITPOINT WARNING * * *
The barbed spikes dig painfully into your body as you move.
* * * LOW HITPOINT WARNING * * *
The barbed spikes snap loose.
The death knight's dark mirror aura disappears.
Casting: Summon Guardian Golem (mildly dangerous; 4% risk of failure)
Confirm with . or Enter, or press ? or * to list all spells.
Aiming: Mephitic Cloud (mildly dangerous; 4% risk of failure)
Press: ? - help, Shift-Dir - straight line, f - death knight
Aim: a death knight, wielding a +0 battleaxe and wearing a +0 chain mail (flame, heavily wounded, chance to affect: 53%)
The ball explodes into a vile cloud!
The stinking cloud engulfs the death knight.
The death knight is heavily wounded.
The death knight is engulfed in blazing flames.
Okay, then.
Unknown command.
You feel much better.
The death knight is engulfed in noxious fumes.
The death knight barely misses you.
Press: ? - help, v - describe, . - travel
Here: a death knight, wielding a +0 battleaxe and wearing a +0 chain mail (noxious fumes, heavily wounded)
The floor.
Unknown command.
Okay, then.
You hit the death knight.
The death knight begins to glow.
The death knight is severely wounded.
The manticore is engulfed in blazing flames.
The death knight is engulfed in noxious fumes.
The death knight appears confused.
The death knight hits you with a +0 battleaxe!!
* * * LOW HITPOINT WARNING * * *
You punch the death knight!
The death knight glows dangerously bright.
The death knight is severely wounded.
Your familiar recovers from its injuries.
The manticore is engulfed in blazing flames.
The death knight is engulfed in noxious fumes.
The death knight appears confused.
The death knight hits you with a +0 battleaxe!!
You die...

........#....#####.# #.#.#.#.#.('
#.......####.#.#.#.# #.#.#.#.####
#.......# ##.#.#.## #)#.#..###..
##......# ####.#.# #.#.####....
♣#......# #######.###..###......
♣##.....# #H..###'#..###.....[..
.♣#.....# ##'##H###..##..........
..#.....# #.!H#p#..###......[....
♣.......# #../#.p####............
#.......# ##+#####...........#'##
#.......# #..###.............'...
#.......# .###...............#...
#.......####.................#...
#............................#...
#....[........†..........∩...'...
..............<..............####
.................................


You could see a death knight (confused, heavy contam) and a manticore.

Vanquished Creatures
  An orc warlord (Bailey)
  A centaur warrior (D:9)
  A two-headed ogre (D:9)
  2 ugly things (D:9)
  An orc knight (Bailey)
  A manticore (D:9)
  A cyclops (D:9)
  Joseph (D:9)
  A queen bee (shapeshifter) (D:9)
  2 trolls (D:9)
  Grinder (D:5)
  A wyvern (D:9)
  2 unseen horror simulacra (D:9)
  17 yaks
  Grum (D:9)
  Menkaure (D:7)
  Edmund (D:5)
  Duvessa (D:7)
  4 water moccasins (D:7)
  3 black bears
  An ice beast (D:6)
  7 orc warriors
  2 sky beasts
  4 wolves (D:9)
  2 centaurs (D:9)
  2 kobold brigands
  A bullfrog (D:8)
  2 brain worms (Sewer)
  Blork the orc (D:5)
  3 scorpions
  2 wights (D:9)
  6 killer bees (D:9)
  Dowan (D:7)
  A howler monkey (D:7)
  A gnoll bouda (D:7)
  3 hounds
  4 jellies
  5 orc priests
  2 sleepcaps
  3 iguanas
  Ijyb (D:3)
  18 orc wizards
  Robin (D:3)
  9 gnolls
  8 adders
  2 river rats (Sewer)
  4 ufetubi (D:7)
  2 worms
  2 dart slugs
  36 orcs
  6 endoplasms
  3 giant cockroaches
  25 goblins
  14 hobgoblins
  3 jackals
  24 kobolds
  4 quokkas
  4 ball pythons
  3 bats
  2 frilled lizards
  8 rats
276 creatures vanquished.

Vanquished Creatures (collateral kills)
  Maggie (D:7)
  A gnoll (D:4)
  A ball python (D:4)
  3 rats (D:4)
6 creatures vanquished.

Vanquished Creatures (others)
  A hornet (D:8)
  A killer bee (D:9)
  A gnoll (Bailey)
3 creatures vanquished.

Grand Total: 285 creatures vanquished

Notes
Turn   | Place    | Note
-------+----------+-------------------------------------------
     0 | D:1      | jlumianski the Gnoll Shapeshifter began the quest for the
                  | Orb.
     0 | D:1      | Reached XP level 1. HP: 17/17 MP: 1/1
    53 | D:1      | Found a faded altar of an unknown god.
   195 | D:1      | Reached XP level 2. HP: 23/23 MP: 2/2
  1188 | D:3      | Reached XP level 3. HP: 28/28 MP: 3/3
  1198 | D:3      | Noticed Ijyb
  1207 | D:3      | HP: 2/42 [endoplasm (2)]
  1209 | D:3      | Killed Ijyb
  1210 | D:3      | Reached skill level 1 in Short Blades
  1210 | D:3      | Reached skill level 1 in Long Blades
  1210 | D:3      | Reached skill level 1 in Axes
  1210 | D:3      | Reached skill level 1 in Maces & Flails
  1210 | D:3      | Reached skill level 1 in Polearms
  1210 | D:3      | Reached skill level 1 in Staves
  1210 | D:3      | Reached skill level 1 in Ranged Weapons
  1210 | D:3      | Reached skill level 1 in Throwing
  1210 | D:3      | Reached skill level 1 in Armour
  1210 | D:3      | Reached skill level 1 in Stealth
  1210 | D:3      | Reached skill level 1 in Shields
  1210 | D:3      | Reached skill level 1 in Spellcasting
  1210 | D:3      | Reached skill level 1 in Invocations
  1210 | D:3      | Reached skill level 1 in Evocations
  1395 | D:2      | Found a burning altar of Makhleb.
  1401 | D:2      | Reached XP level 4. HP: 34/34 MP: 5/5
  1647 | D:1      | Reached skill level 1 in Conjurations
  1647 | D:1      | Reached skill level 1 in Hexes
  1647 | D:1      | Reached skill level 1 in Summonings
  1647 | D:1      | Reached skill level 1 in Necromancy
  1647 | D:1      | Reached skill level 1 in Translocations
  1647 | D:1      | Reached skill level 1 in Transmutations
  1647 | D:1      | Reached skill level 1 in Fire Magic
  1647 | D:1      | Reached skill level 1 in Ice Magic
  1647 | D:1      | Reached skill level 1 in Air Magic
  1647 | D:1      | Reached skill level 1 in Earth Magic
  1647 | D:1      | Reached skill level 1 in Alchemy
  2204 | D:4      | Noticed a scorpion
  2205 | D:4      | Found a staircase to the Ecumenical Temple.
  2212 | D:4      | Killed a scorpion
  2213 | D:4      | Reached XP level 5. HP: 25/41 MP: 5/7
  2226 | Temple   | Entered the Ecumenical Temple
  2251 | Temple   | Became a worshipper of the Wu Jian Council
  2375 | D:4      | Found a glowing drain.
  2391 | Sewer    | Entered a sewer
  2425 | Sewer    | Reached XP level 6. HP: 44/47 MP: 8/8
  2477 | Sewer    | Reached skill level 5 in Dodging
  3351 | D:3      | Reached * piety under Wu Jian
  3357 | D:3      | Noticed Robin
  3381 | D:3      | Killed Robin
  3382 | D:3      | Reached XP level 7. HP: 47/52 MP: 10/10
  3802 | D:5      | Entered Level 5 of the Dungeon
  4167 | D:5      | Found Kaoppudoesch's Book Emporium.
  4181 | D:5      | Bought an Inescapable Atlas for 208 gold pieces
  4305 | D:5      | Noticed Edmund
  4315 | D:5      | Killed Edmund
  4512 | D:5      | Reached ** piety under Wu Jian
  4545 | D:5      | Noticed Blork the orc
  4550 | D:5      | Killed Blork the orc
  4598 | D:5      | Reached XP level 8. HP: 57/60 MP: 12/12
  4620 | D:5      | Learned a level 1 spell: Summon Small Mammal
  4623 | D:5      | Learned a level 2 spell: Mercury Vapours
  4637 | D:5      | Noticed Grinder
  4651 | D:5      | Killed Grinder
  5106 | D:6      | Reached XP level 9. HP: 60/66 MP: 14/14
  5195 | D:6      | Learned a level 2 spell: Blink
  5313 | D:6      | Found a broken altar of Ashenzari.
  5349 | D:6      | Reached *** piety under Wu Jian
  5475 | D:7      | Reached skill level 5 in Fighting
  5567 | D:7      | Found a flagged portal.
  5587 | Bailey   | Entered a bailey
  5592 | Bailey   | Learned a level 3 spell: Mephitic Cloud
  5598 | Bailey   | Noticed an orc warlord
  5743 | Bailey   | Found a runed translucent gate.
  5745 | Bailey   | Found a runed translucent gate.
  5748 | Bailey   | Found a runed translucent gate.
  5758 | Bailey   | Noticed an orc knight
  5770 | Bailey   | Killed an orc knight
  5771 | Bailey   | Reached skill level 5 in Invocations
  5867 | Bailey   | Learned a level 3 spell: Call Canine Familiar
  5871 | Bailey   | Learned a level 3 spell: Summon Guardian Golem
  5896 | Bailey   | Killed an orc warlord
  5897 | Bailey   | Reached skill level 5 in Short Blades
  5897 | Bailey   | Reached skill level 5 in Long Blades
  5897 | Bailey   | Reached skill level 5 in Axes
  5897 | Bailey   | Reached skill level 5 in Maces & Flails
  5897 | Bailey   | Reached skill level 5 in Polearms
  5897 | Bailey   | Reached skill level 5 in Staves
  5897 | Bailey   | Reached skill level 5 in Ranged Weapons
  5897 | Bailey   | Reached skill level 5 in Throwing
  5897 | Bailey   | Reached skill level 5 in Armour
  5897 | Bailey   | Reached skill level 5 in Stealth
  5897 | Bailey   | Reached skill level 5 in Shields
  5897 | Bailey   | Reached skill level 5 in Spellcasting
  5897 | Bailey   | Reached skill level 5 in Evocations
  5897 | Bailey   | Reached XP level 10. HP: 16/76 MP: 6/17
  5912 | Bailey   | Identified the staff of the Traitor {rElec rPois rC- Str+4
                  | Tloc Poison}
  6340 | D:7      | Noticed Menkaure
  6372 | D:7      | Noticed Duvessa
  6378 | D:7      | Noticed Dowan
  6400 | D:7      | Killed Dowan
  6401 | D:7      | Killed Duvessa
  6417 | D:7      | Found a sacrificial altar of Ru.
  6438 | D:7      | Killed Menkaure
  6443 | D:7      | Reached **** piety under Wu Jian
  6463 | D:7      | Noticed Maggie
  6833 | D:7      | Killed Maggie
  7400 | D:8      | Found a hazy altar of Hepliaklqana.
  7536 | D:8      | Found an opulent altar of Gozag.
  7719 | D:9      | Found a staircase to the Lair.
  7881 | D:9      | Noticed Joseph
  7892 | D:9      | Killed Joseph
  7893 | D:9      | Reached XP level 11. HP: 83/83 MP: 16/19
  7908 | D:10     | Entered Level 10 of the Dungeon
  8062 | D:9      | Found a white marble altar of Elyvilon.
  8103 | D:9      | Reached skill level 5 in Conjurations
  8103 | D:9      | Reached skill level 5 in Hexes
  8103 | D:9      | Reached skill level 5 in Summonings
  8103 | D:9      | Reached skill level 5 in Necromancy
  8103 | D:9      | Reached skill level 5 in Translocations
  8103 | D:9      | Reached skill level 5 in Transmutations
  8103 | D:9      | Reached skill level 5 in Fire Magic
  8103 | D:9      | Reached skill level 5 in Ice Magic
  8103 | D:9      | Reached skill level 5 in Air Magic
  8103 | D:9      | Reached skill level 5 in Earth Magic
  8103 | D:9      | Reached skill level 5 in Alchemy
  8109 | D:9      | Noticed Grum
  8149 | D:9      | Killed Grum
  8327 | D:9      | Found a blossoming altar of Fedhas.
  8688 | D:9      | Noticed a two-headed ogre
  8720 | D:9      | Killed a two-headed ogre
  9194 | D:9      | Reached ***** piety under Wu Jian
  9301 | D:9      | Noticed a cyan ugly thing
  9302 | D:9      | Noticed a centaur warrior
  9303 | D:9      | Noticed a manticore
  9304 | D:9      | Noticed a white ugly thing
  9477 | D:9      | Found a basalt altar of Yredelemnul.
  9596 | D:9      | Found Immargh's Magic Scroll Shoppe.
  9609 | D:9      | Bought a scroll of identify for 26 gold pieces
  9609 | D:9      | Bought a scroll of brand weapon for 123 gold pieces
  9609 | D:9      | Bought a scroll of enchant armour for 97 gold pieces
  9680 | D:9      | Identified the amulet "Pese" {Faith rF+++ rCorr MP-9}
  9696 | D:9      | Killed a centaur warrior
  9895 | D:9      | Killed a manticore
 10026 | D:9      | Found a staircase to the Orcish Mines.
 10347 | D:9      | Found an ancient bone altar of Kikubaaqudgha.
 10394 | D:9      | Noticed a cyclops
 10401 | D:9      | Killed a cyclops
 10771 | D:9      | Killed a red ugly thing
 10772 | D:9      | Reached XP level 12. HP: 29/91 MP: 20/22
 11067 | D:9      | Identified the amulet "Repit" {Spirit rC+ Will++}
 11070 | D:9      | Identified the amulet "Etanytijoc" {RegenMP Harm rCorr
                  | Str+3}
 11078 | D:9      | Identified the ring of Broken Luck {rF- AC+4 Int+2 Dex+5}
 11092 | D:9      | Found a runed translucent door.
 11092 | D:9      | Found a runed translucent door.
 11092 | D:9      | Noticed a death knight
 11094 | D:9      | Upgraded the game from 0.31-a0-1308-ga3cce3a448 to
                  | 0.31-a0-1321-g5021b54cb2
 11118 | D:9      | HP: 2/91 [death knight/+0 battleaxe (32)]
 11119 | D:9      | Demolished by a death knight

Illustrated notes

Levels and vault maps discovered:
D:1:      kennysheep_arrival_seaside, layout_basic,
          hellmonk_ecumenical_altar_zigzags
D:2:      layout_basic, basic_altar
D:3:      layout_loops_cross, dreamdust_wishing_well, uniq_robin, uniq_ijyb
D:4:      layout_cave_pools, minmay_temple_entry_grid, portal_sewer_entry_c
D:5:      layout_basic, serial_shops, nicolae_book_shop_shelving,
          uniq_prince_ribbit1, uniq_blork_the_orc, uniq_grinder, uniq_edmund
D:6:      minmay_flawed_box, layout_gridville, lemuel_crystal_altar
D:7:      layout_cave_pools, nicolae_ru_great_annihilating_truth,
          enter_bailey_3, uniq_duvessa, uniq_maggie, uniq_menkaure
D:8:      wander_river, layout_loops_ring, grunt_gozag_breadcrumbs,
          kennysheep_mini_moat
D:9:      minmay_the_grid_triangle_9x9_recursive_2
          [minmay_the_grid_triangle_9x9_prize_special,
          minmay_the_grid_triangle_9x9_tough_junction,
          minmay_the_grid_triangle_9x9_minimal,
          minmay_the_grid_triangle_9x9_impossible_snake], layout_irregular_city,
          grunt_temple_overflow_growth_and_decay, kennysheep_ying_yang,
          dpeg_oklobed_lair, hiddenorc1_lemuel, serial_shops, shop, uniq_grum,
          uniq_joseph
D:10:     layout_rooms, vehumet_statue, general_overflow_altar, st_stairs_14,
          disabler_island
Temple:   chequers_temple_sunken

Skill      XL: |  1  2  3  4  5  6  7  8  9 10 11 12 |
---------------+-------------------------------------+-----
Short Blades   | 1 2 3 5 6 7 |  7.0
Long Blades    | 1 2 3 5 6 7 |  7.0
Axes           | 1 2 3 5 6 7 |  7.0
Maces & Flails | 1 2 3 5 6 7 |  7.0
Polearms       | 1 2 3 5 6 7 |  7.0
Staves         | 1 2 3 5 6 7 |  7.0
Ranged Weapons | 1 2 3 5 6 7 |  7.0
Throwing       | 1 2 3 5 6 7 |  7.0
Armour         | 1 2 3 5 6 7 |  7.0
Stealth        | 1 2 3 5 6 7 |  7.0
Shields        | 1 2 3 5 6 7 |  7.0
Spellcasting   | 1 2 3 5 6 7 |  7.0
Invocations    | 1 2 3 4 5 6 7 |  7.7
Evocations     | 1 2 3 5 6 7 |  7.0
Conjurations   | 1 2 3 4 5 |  5.8
Hexes          | 1 2 3 4 5 |  5.8
Summonings     | 1 2 3 4 5 |  5.8
Necromancy     | 1 2 3 4 5 |  5.8
Translocations | 1 2 3 4 5 |  5.8
Transmutations | 1 2 3 4 5 6 |  0.0
Fire Magic     | 1 2 3 4 5 |  5.8
Ice Magic      | 1 2 3 4 5 |  5.8
Air Magic      | 1 2 3 4 5 |  5.8
Earth Magic    | 1 2 3 4 5 |  5.8
Alchemy        | 1 2 3 4 5 |  5.8
Fighting       | 3 4 5 6 7 |  7.5
Dodging        | 5 6 7 8 |  8.4
Unarmed Combat | 7 8 9 |  9.7
Shapeshifting  | 7 8 9 |  9.2

Action                     |  1- 3 |  4- 6 |  7- 9 | 10-12 || total
---------------------------+-------+-------+-------+-------++-------
  Melee: Unarmed           |    58 |   122 |   323 |   466 ||   969
         Bite              |     5 |    14 |    38 |    63 ||   120
         Punch             |     1 |     3 |     1 |       ||     5
  Throw: Boomerang         |       |       |     2 |       ||     2
   Cast: Summon Small Mamm |       |       |     9 |     1 ||    10
         Call Canine Famil |       |       |     2 |    11 ||    13
         Summon Guardian G |       |       |     2 |     9 ||    11
         Blink             |       |       |     2 |     8 ||    10
         Mephitic Cloud    |       |       |     1 |     9 ||    10
         Mercury Vapours   |       |       |       |     2 ||     2
Ability: Lunge             |       |    18 |    25 |    20 ||    63
         Whirlwind         |       |     1 |    26 |    59 ||    86
         Wall Jump         |       |       |    33 |    50 ||    83
  Evoke: Wand              |       |     4 |     7 |       ||    11
         Box of beasts     |       |       |       |     1 ||     1
    Use: Scroll            |     2 |     6 |     3 |    12 ||    23
         Potion            |     1 |     2 |     1 |     2 ||     6
   Stab: Distracted        |       |       |     1 |     3 ||     4
         Confused          |       |       |     1 |    10 ||    11
         Sleeping          |       |       |     1 |     3 ||     4
 Armour: Leather armour    |    22 |     8 |       |       ||    30
         Chain mail        |       |    37 |    38 |       ||    75
         Skin              |       |       |    54 |   103 ||   157
  Dodge: Dodged            |    27 |    54 |   203 |   331 ||   615
  Block: Other             |       |       |    41 |    70 ||   111
         Reflection        |       |       |     3 |     4 ||     7
   Form: Flux              |       |       |     1 |       ||     1

Table legend: (Time is in decaauts)
 A = Elapsed time spent in this place.
 B = Non-inter-level travel time spent in this place.
 C = Inter-level travel time spent in this place.
 D = Time resting spent in this place.
 E = Time spent auto-exploring this place.
 F = Levels seen in this place.
 G = Mean time per level.
                   A        B        C        D        E       F      G
               +--------+--------+--------+--------+--------+-----+--------+
         Total |  11209 |  11016 |    193 |   1320 |   5475 |  13 |  862.2 |
       Dungeon |  10014 |   9821 |    193 |   1284 |   4908 |  10 | 1001.4 |
        Temple |     56 |     56 |      0 |      0 |      0 |   1 |   56.0 |
         Sewer |    536 |    536 |      0 |     36 |    325 |   1 |  536.0 |
        Bailey |    603 |    603 |      0 |      0 |    241 |   1 |  603.0 |
               +--------+--------+--------+--------+--------+-----+--------+

Top non-repeatable levels by time:
     D:9: 3127 daAuts
     D:1: 1144 daAuts
     D:8: 993 daAuts
     D:7: 857 daAuts
     D:6: 845 daAuts
     D:2: 842 daAuts
     D:3: 782 daAuts
     D:4: 776 daAuts
     D:5: 609 daAuts
  Bailey: 603 daAuts
   Sewer: 536 daAuts
  Temple: 56 daAuts
    D:10: 35 daAuts
